 Dungeon Crawl Stone Soup version 0.29.1-1-gd02db6906a (webtiles) character file.

Game seed: 4380118115656305617

85 xian the Firebug (level 4, 0/30 HPs)
             Began as a Demonspawn Fire Elementalist on Oct 11, 2022.
             Killed from afar by an oklob plant (20 damage)
             ... with a splash of acid
             ... on level 3 of the Dungeon.
             The game lasted 00:05:41 (3092 turns).

xian the Firebug (Demonspawn Fire Elementalist)     Turns: 3092, Time: 00:05:42

Health: 0/30       AC:  4    Str:  8    XL:     4   Next: 25%
Magic:  4/8        EV: 11    Int: 19    God:
Gold:   246        SH:  0    Dex: 13    Spells: 5/8 levels left

rFire   . . .      SeeInvis .   a - +1 dagger (venom)
rCold   . . .      Faith    .   (no shield)
rNeg    . . .      Spirit   .   g - +0 leather armour
rPois   .          Reflect  .   p - +1 helmet
rElec   .          Harm     .   j - +2 cloak
rCorr   .          Rampage  .   (no gloves)
Will    .....                   (no boots)
Stlth   ++........              (no amulet)
HPRegen 0.10/turn               (no ring)
MPRegen 0.11/turn               (no ring)

@: corroded
A: ignite blood 1, powered by pain 2
a: no special abilities


You were on level 3 of the Dungeon.
You visited 1 branch of the dungeon, and saw 3 of its levels.

You collected 246 gold pieces.

Inventory:

Hand Weapons
 a - a +1 dagger of venom (weapon)
Missiles
 f - 6 poisoned darts
Armour
 g - a +0 leather armour (worn)
 j - a +2 cloak (worn)
 p - a +1 helmet (worn)
Magical Staves
 c - a staff of poison
Wands
 n - a wand of acid (2)
Scrolls
 d - 4 scrolls of identify {unknown}
 k - a scroll of noise {unknown}
 l - a scroll of immolation {unknown}
 m - 4 scrolls of teleportation {unknown}
 o - 3 scrolls of enchant weapon {unknown}
Potions
 b - a potion of magic
 e - a potion of curing {unknown}
 h - a potion of berserk rage {unknown}
 i - 2 potions of haste {unknown}


   Skills:
 + Level 0.2 Fighting
 + Level 0.5 Short Blades
 + Level 0.5 Armour
 + Level 1.9 Dodging
 + Level 2.0 Stealth
 + Level 2.6 Spellcasting
 + Level 1.7 Conjurations
 + Level 3.5 Fire Magic


You had 5 spell levels left.
You knew the following spells:

 Your Spells              Type           Power      Damage    Failure   Level
a - Foxfire               Conj/Fire      48%        2x1d6     8%          1
b - Scorch                Fire           30%        2d6       8%          2

Your spell library contained the following spells:

 Spells                   Type           Power      Damage    Failure   Level
 Conjure Flame            Conj/Fire      12%        6-21      22%         3
 Blink                    Tloc           4%         N/A       32%         2
 Inner Flame              Hex/Fire       9%         N/A       32%         3
 Flame Wave               Conj/Fire      12%        2d6       58%         4
 Manifold Assault         Tloc           2%         N/A       99%         5
 Storm Form               Tmut/Air       1%         N/A       100%        7


Dungeon Overview and Level Annotations

Branches:
Dungeon (3/15)

Altars:
Fedhas

Annotations:
D:3 exclusion: oklob plant


Innate Abilities, Weirdness & Mutations

Your demonic aura sometimes causes spilled blood to erupt in flames.
You sometimes gain power by taking damage.


Message History

A rat comes into view.
You conjure some foxfire!
The rat twitches its whiskers.
You conjure some foxfire!
The foxfire hits the rat but does no damage.
The foxfire hits the rat.
The rat is heavily wounded.
You conjure some foxfire!
The foxfire hits the rat.
You kill the rat!
You conjure some foxfire!
Your foxfire dissipates!
Your foxfire dissipates!
Unknown command.
Your foxfire dissipates! x3
An oklob plant comes into view.
Marking area around an oklob plant as unsafe for travelling.
Casting: Foxfire (safe; 8% risk of failure)
Confirm with . or Enter, or press ? or * to list all spells.
You can't see any susceptible monsters within range! (Use Z to cast anyway.) Really walk into a travel-excluded area?
Okay, then.
Really walk into a travel-excluded area? [Y]es or [N]o only, please.
Really walk into a travel-excluded area?
Really walk into a travel-excluded area?
The oklob plant spits acid at you. The splash of acid misses you.
Casting: Foxfire (safe; 8% risk of failure)
Confirm with . or Enter, or press ? or * to list all spells.
Flames lash the oklob plant but do no damage.
Unknown command.
Casting: Scorch (safe; 8% risk of failure)
Confirm with . or Enter, or press ? or * to list all spells.
Flames lash the oklob plant but do no damage.
The oklob plant spits acid at you. The splash of acid hits you!
The acid corrodes you! The oklob plant spits acid at you.
The splash of acid hits you!!
Ouch! That really hurt!
You die...

#.##...# #.##'##...##.##...#
#.###..# #.#†)†........#...† #<#
#..# #.#...##..#...#.#.#
#.####.## #.##...#........#.#
#....#..# #....#....#.#......
######################..#.##..##.
.♣PP.PP.P#P#P♣#♣.PP# #....##.....
PPPPP...P##..P..PPP# #.#..#......
♣♣PPPP♣P.P..P...@♣P# #.#.......).
PP.P.P##P...PPP♣..P###...........
PP.PP.........P.P.P#.............
♣P....~≈.~≈........####.#........
..♣..~≈~.~≈≈..P....#....#........
♣...≈≈~≈.≈≈≈~..♣...#.............
P..~≈≈~≈.≈≈≈~~.#♣#.#.............
.P.~~≈≈...~≈≈~.PP P#.............
P..~≈≈~._.~≈≈~....P#.............


You could see an oklob plant.

Vanquished Creatures
  3 adders
  A worm (D:2)
  3 dart slugs
  An orc (D:3)
  8 endoplasms
  5 goblins
  4 hobgoblins (D:2)
  4 kobolds
  3 quokkas
  A ball python (D:3)
  3 bats
  2 frilled lizards
  9 rats
47 creatures vanquished.

Vanquished Creatures (others)
  143 foxfires
  15 fungi (D:3)
  39 plants (D:3)
197 creatures vanquished.

Grand Total: 244 creatures vanquished

Notes
Turn   | Place    | Note
-------+----------+-------------------------------------------
     0 | D:1      | xian the Demonspawn Fire Elementalist began the quest for
                  | the Orb.
     0 | D:1      | Reached XP level 1. HP: 13/13 MP: 3/3
   362 | D:1      | Reached skill level 3 in Fire Magic
   566 | D:1      | Gained mutation: You sometimes gain a little power by
                  | taking damage. [demonic ancestry]
   566 | D:1      | Reached XP level 2. HP: 18/19 MP: 0/5
  1164 | D:2      | Learned a level 2 spell: Scorch
  1579 | D:2      | Gained mutation: You sometimes gain power by taking damage.
                  | [demonic ancestry]
  1579 | D:2      | Reached XP level 3. HP: 24/24 MP: 0/6
  2846 | D:3      | Gained mutation: Your demonic aura sometimes causes spilled
                  | blood to erupt in flames. [demonic ancestry]
  2846 | D:3      | Reached XP level 4. HP: 19/30 MP: 1/8
  3018 | D:3      | Found a blossoming altar of Fedhas.
  3077 | D:3      | Noticed an oklob plant
  3092 | D:3      | Killed from afar by an oklob plant

Illustrated notes

Levels and vault maps discovered:
D:1:      minmay_arrival_loop, layout_loops_ring
D:2:      layout_loops_cross
D:3:      layout_rooms, tgw_fedhas, grunt_ministairs_8

Skill      XL: |  1  2 |
---------------+-------+-----
Fire Magic     | 3 |  3.5
Stealth        | 2 |  2.0
Fighting       | |  0.2
Short Blades   | |  0.5
Armour         | |  0.5
Dodging        | |  1.9
Spellcasting   | |  2.6
Conjurations   | |  1.7

Action                   |  1- 3 |  4- 6 || total
-------------------------+-------+-------++-------
Melee: Dagger            |    36 |     6 ||    42
       Punch             |     1 |       ||     1
 Cast: Foxfire           |    84 |     5 ||    89
       Scorch            |     6 |     2 ||     8
Armor: Leather armour    |    13 |     2 ||    15
Dodge: Dodged            |    32 |     8 ||    40
